AoeStats
← Ataturkle

Arabia

510898375Analyzed
1v1 RM · 13h ago on Oct 3, 2026· 39m 48s· 2 players
Game mode
Random Map
Map size
Tiny (2 player)
Population
200
Speed
Normal
Resources
Standard
Victory
Conquest
Starting age
Dark Age
Ending age
Imperial Age
RankedLock teamsTeams togetherTeam positionsShared explorationLock speedFull tech treeHidden civsTurbo modeCheats
Victory
Defeat
🇺🇸 Japanese · United States
1126
+15
🇺🇸 Magyars · United States
1103
-15
tg28101
4:53 Loom
12:08 Feudal Age
20:36 Castle Age
21:02 Castle Age
19:44 Wheelbarrow
19:06 Stone Mining
19:32 Gold Mining
21:06 Fletching
21:17 Padded Archer Armor
27:34 Bloodlines
28:53 Bodkin Arrow
29:14 Leather Archer Armor
29:03 Husbandry
28:34 Light Cavalry
30:11 Scale Barding Armor
29:55 Town Watch
31:15 Corvinian Army
32:09 Chain Barding Armor
36:40 Double-Bit Axe
37:08 Pikeman
37:37 Arson
40:35 Ballistics
Ataturkle
10:29 Feudal Age
10:10 Loom
10:59 Double-Bit Axe
11:52 Horse Collar
17:19 Gold Mining
17:24 Stone Mining
20:21 Castle Age
19:33 Forging
19:39 Scale Mail Armor
19:26 Town Watch
21:26 Bow Saw
22:16 Heavy Plow
23:40 Wheelbarrow
23:20 Pikeman
24:06 Squires
30:43 Imperial Age
29:18 Chain Mail Armor
30:34 Hand Cart
30:41 Town Patrol
31:36 Iron Casting
33:02 Two-Man Saw
33:05 Gold Shaft Mining
33:26 Conscription
34:20 Plate Mail Armor
34:50 Blast Furnace
34:58 Blast Furnace
33:51 Arson
33:52 Gambesons
33:56 Halberdier
35:13 Elite Samurai
37:41 Hoardings
37:23 Masonry
38:59 Kataparuto
39:42 Fletching
39:52 Padded Archer Armor
40:55 Chemistry
Connection lost

Rejoining the realm…

Still unreachable

The connection could not be restored.

Session expired

The server has moved on; the page needs a fresh start.